WCHLSIM.com - West Coast Hockey League
html PUBLIC "-//W3C//DTD XHTML 1.0 Transitional//EN" "http://www.w3.org/TR/xhtml1/DTD/xhtml1-transitional.dtd"> WCHL - Game 176 - TEXAS TOROS vs LONG BEACH BARACUDAS

TEXAS TOROS vs LONG BEACH BARACUDAS

Created - 7 décembre 2020 at 21:23

Goals
1 2 3 T
TEXAS TOROS 1 0 0 1
LONG BEACH BARACUDAS 0 2 2 4
Shots
1 2 3 T
TEXAS TOROS 3 5 8 16
LONG BEACH BARACUDAS 12 13 20 45

1st period

1. TEXAS TOROS , Tyson Barrie 3 (David Savard 2, Nick Cousins 4) at 4:42 (PP)

Penalties :
Derek Stepan (LOB) for Hooking (Minor) at 0:29, Taylor Hall (LOB) for High sticking (Minor) at 3:29

2nd period

2. LONG BEACH BARACUDAS , Pierre-Edouard Bellemare 1 (Ben Hutton 5, Jack Roslovic 1) at 1:12
3. LONG BEACH BARACUDAS , Derek Stepan 4 (Ron Hainsey 2, Alex Pietrangelo 8) at 10:33

Penalties :
Michael Del Zotto (LOB) for Hooking (Minor) at 3:51

3rd period

4. LONG BEACH BARACUDAS , Steven Stamkos 7 (Taylor Hall 12, Derek Stepan 3) at 4:42
5. LONG BEACH BARACUDAS , Kyle Palmieri 8 (Alex Pietrangelo 9) at 8:20

Penalties :
J.T. Compher (LOB) for Holding Stick (Minor) at 0:53, Aaron Ekblad (TEX) for Roughing (Minor) at 5:48, Vince Dunn (TEX) for Interference (Minor) at 12:41

Goalie Stats

Cory Schneider (TEX), 41 saves from 45 shots - (0,911), L, 0-5-0, 60:00 minutes
Brian Elliott (LOB), 15 saves from 16 shots - (0,938), W, 2-1-0, 60:00 minutes

Players Stats for TEXAS TOROS

Player Name              G  A  P  +/- PIM S  H  SB GA TA FO     MP     PP MP  PK MP  
------------------------------------------------------------------------------------
Aaron Ekblad             0  0  0   0  2   3  1  2  0  0  0/0    18:03   0:00   1:03 
Barrett Hayton           0  0  0  -3  0   0  2  1  0  0  8/20   14:39   0:00   0:00 
Brock McGinn             0  0  0  -1  0   3  1  0  0  0  0/3    21:46   2:48   0:00 
Conor Sheary             0  0  0  -3  0   1  0  0  0  0  0/0    19:11   4:22   0:00 
Dale Weise               0  0  0   0  0   0  0  0  0  0  0/0     5:42   0:00   0:00 
Dante Fabbro             0  0  0  -2  0   0  4  4  0  0  0/0    14:34   0:00   0:01 
David Savard             0  1  1  -2  0   0  4  2  0  0  0/0    24:22   3:22   2:04 
Dmitry Kulikov           0  0  0   0  0   1  4  3  0  0  0/0    21:11   3:48   2:00 
Jake Virtanen            0  0  0  -1  0   1  4  0  0  0  0/2    18:33   2:48   1:35 
John Quenneville         0  0  0   0  0   0  0  0  0  0  2/14   14:12   0:00   0:00 
Morgan Klimchuk          0  0  0   0  0   0  0  0  0  0  0/0    14:22   0:00   0:00 
Nazem Kadri              0  0  0  -1  0   1  2  0  0  0  14/26  19:21   2:48   2:23 
Nick Cousins             0  1  1  -3  0   3  0  0  0  0  0/3    20:45   4:22   1:35 
Ryan Poehling            0  0  0   0  0   0  0  0  0  0  0/0     0:53   0:00   0:00 
Sven Baertschi           0  0  0   0  0   0  0  0  0  0  0/0    14:12   0:00   0:00 
Tyson Barrie             1  0  1  -2  0   2  1  1  0  0  0/0    22:37   3:22   1:58 
Valtteri Filppula        0  0  0   0  0   1  2  0  0  0  3/14   12:36   4:22   2:23 
Vince Dunn               0  0  0  -2  2   0  4  0  0  0  0/0    19:01   3:48   0:50 

Players Stats for LONG BEACH BARACUDAS

Player Name              G  A  P  +/- PIM S  H  SB GA TA FO     MP     PP MP  PK MP  
------------------------------------------------------------------------------------
Alex Pietrangelo         0  2  2   2  0   1  0  0  0  0  0/0    20:32   2:20   0:00 
Alexander Wennberg       0  0  0   0  0   0  0  0  0  0  8/9    10:52   0:00   1:08 
Ben Hutton               0  1  1   2  0   0  0  1  0  0  0/0    21:24   2:20   3:52 
Brad Richardson          0  0  0   0  0   0  0  0  0  0  0/0     0:00   0:00   0:00 
Brandon Montour          0  0  0   2  0   1  1  0  0  0  0/0    16:11   0:00   0:10 
Brock Nelson             0  0  0   1  0   7  0  0  0  0  16/26  18:31   1:38   0:00 
Derek Stepan             1  1  2   2  2   7  0  1  0  0  21/30  20:12   0:00   3:03 
J.T. Compher             0  0  0   1  2   2  0  0  0  0  1/1    18:30   1:38   0:00 
Jack Roslovic            0  1  1   1  0   2  0  0  0  0  0/1     9:16   0:00   4:11 
Kyle Palmieri            1  0  1   1  0   8  1  0  0  0  0/0    18:31   1:38   0:00 
Loui Eriksson            0  0  0   1  0   3  2  0  0  0  0/0    14:49   0:00   0:00 
Michael Del Zotto        0  0  0   0  2   1  4  0  0  0  0/0    20:04   1:38   2:54 
Mikael Granlund          0  0  0   0  0   1  2  0  0  0  0/0    15:03   2:20   2:59 
Pierre-Edouard Bellemare 1  0  1   1  0   3  1  0  0  0  7/11    8:04   0:00   2:59 
Ron Hainsey              0  1  1   2  0   0  1  0  0  0  0/0    22:02   0:00   3:55 
Steven Stamkos           1  0  1   2  0   7  0  0  0  0  2/3    19:30   2:20   0:00 
Taylor Hall              0  1  1   2  2   1  1  0  0  0  0/1    19:29   2:20   0:00 
Zachary Werenski         0  0  0   0  0   1  0  1  0  0  0/0    19:46   1:38   3:29 

3 Stars

1 - Derek Stepan (LOB)
2 - Alex Pietrangelo (LOB)
3 - Steven Stamkos (LOB)

Power Play

TEXAS TOROS - 1 on 4 Attempt(s) - 25,00%
LONG BEACH BARACUDAS - 0 on 2 Attempt(s) - 0,00%

Penalty Kill

TEXAS TOROS - 2 on 2 Attempt(s) - 100,00% - Score 0 goal in Penalty Kill
LONG BEACH BARACUDAS - 3 on 4 Attempt(s) - 75,00% - Score 0 goal in Penalty Kill

Team Stat

TEXAS TOROS - Hits : 29 - Faceoff Wins : 27 - Blocked Shots : 13 - Penalty Minutes : 4
LONG BEACH BARACUDAS - Hits : 13 - Faceoff Wins : 55 - Blocked Shots : 3 - Penalty Minutes : 8

Official

Referees : Chris Rooney and Tim Mayer
Linesman : Derek Wahl and Michel Cormier

Game Notes

No Game Note

Finance

Level 1 -- Attendance: 5592 (88,76%) -- Ticket Income 989 784 $
Level 2 -- Attendance: 4305 (79,35%) -- Ticket Income 495 075 $
Level 3 -- Attendance: 2854 (93,57%) -- Ticket Income 194 072 $
Level 4 -- Attendance: 6040 (100,00%) -- Ticket Income 211 400 $
Luxury Box -- Attendance: 688 (52,52%) -- Ticket Income 268 320 $
Game was played at the MONSTER ENERGY CENTER.
Total Attendance: 19479 (88,04%)
Total Ticket Income: 2 158 651 $
Other Income: 755 528 $
Total Income: 2 914 179 $

TEXAS TOROS

5 vs 5 Forward 
   Center                   Left Wing                Right Wing               Time % Phy DF OF 
 1 Nazem Kadri              Brock McGinn             Jake Virtanen            36     1   2  2  
 2 Barrett Hayton           Nick Cousins             Conor Sheary             31     1   2  2  
 3 Valtteri Filppula        Brock McGinn             Dale Weise               23     1   2  2  
 4 John Quenneville         Morgan Klimchuk          Sven Baertschi           10     1   2  2  

5 vs 5 Defense 
   Defense                  Defense                                           Time % Phy DF OF 
 1 David Savard             Tyson Barrie                                      36     1   2  2  
 2 Dmitry Kulikov           Aaron Ekblad                                      31     1   2  2  
 3 Dante Fabbro             Vince Dunn                                        23     1   2  2  
 4 Aaron Ekblad             David Savard                                      10     1   2  2  

PowerPlay Forward 
   Center                   Left Wing                Right Wing               Time % Phy DF OF 
 1 Nazem Kadri              Brock McGinn             Jake Virtanen            55     1   2  2  
 2 Valtteri Filppula        Nick Cousins             Conor Sheary             45     1   2  2  

PowerPlay Defense
   Defense                  Defense                                           Time % Phy DF OF 
 1 David Savard             Tyson Barrie                                      55     1   2  2  
 2 Dmitry Kulikov           Vince Dunn                                        45     1   2  2  

Penalty Kill 4 Players Forward 
   Center                   Wing                     Time % Phy DF OF 
 1 Nazem Kadri              Valtteri Filppula        55     1   2  2  
 2 Jake Virtanen            Nick Cousins             45     1   2  2  

Penalty Kill 4 Players Defense
   Defense                  Defense                  Time % Phy DF OF 
 1 David Savard             Tyson Barrie             55     1   2  2  
 2 Dmitry Kulikov           Aaron Ekblad             45     1   2  2  

Penalty Kill - 3 Players Forward 
   Forward                                           Time % Phy DF OF 
 1 Nazem Kadri                                       55     1   2  2  
 2 Valtteri Filppula                                 45     1   2  2  

Penalty Kill - 3 Players Defense
   Defense                  Defense                  Time % Phy DF OF 
 1 David Savard             Tyson Barrie             55     1   2  2  
 2 Dmitry Kulikov           Aaron Ekblad             45     1   2  2  

4 vs 4 Forward 
   Center                   Wing                     Time % Phy DF OF 
 1 Nazem Kadri              Valtteri Filppula        55     1   2  2  
 2 Jake Virtanen            Brock McGinn             45     1   2  2  

4 vs 4 Defense
   Defense                  Defense                  Time % Phy DF OF 
 1 David Savard             Tyson Barrie             55     1   2  2  
 2 Dmitry Kulikov           Vince Dunn               45     1   2  2  

Last Minutes Offensive
   Center                   Left Wing                Right Wing               Defense                  Defense                  
   Nazem Kadri              Valtteri Filppula        Jake Virtanen            David Savard             Tyson Barrie             

Last Minutes Defensive
   Center                   Left Wing                Right Wing               Defense                  Defense                  
   Nazem Kadri              Valtteri Filppula        Jake Virtanen            David Savard             Tyson Barrie             

Goaltenders
Starting : Cory Schneider           
Backup : Dylan Wells              

Extra Forwards
Normal : Brock McGinn, Dale Weise, Barrett Hayton - PP : Brock McGinn, Dale Weise - PK : Barrett Hayton
Extra Defensemen
Normal : David Savard, Vince Dunn, Tyson Barrie - PP : David Savard - PK : Vince Dunn, David Savard
Penalty Shots
Nazem Kadri, Valtteri Filppula, Jake Virtanen, Dale Weise, Nick Cousins
Custom OT Lines Forwards
Nazem Kadri, Valtteri Filppula, Jake Virtanen, John Quenneville, Nick Cousins, Conor Sheary, Brock McGinn, Dale Weise, Barrett Hayton, Sven Baertschi
Custom OT Lines Defensemen
David Savard, Tyson Barrie, Dmitry Kulikov, Vince Dunn, Dante Fabbro

Scratches
Braydon Coburn (Healthy), Madison Bowey (Healthy), Mikko Koskinen (Exhaustion)

LONG BEACH BARACUDAS

5 vs 5 Forward 
   Center                   Left Wing                Right Wing               Time % Phy DF OF 
 1 Derek Stepan             Taylor Hall              Steven Stamkos           36     0   1  4  
 2 Brock Nelson             J.T. Compher             Kyle Palmieri            34     0   2  3  
 3 Alexander Wennberg       Loui Eriksson            Mikael Granlund          20     0   3  2  
 4 Pierre-Edouard Bellemare Loui Eriksson            Jack Roslovic            10     0   3  2  

5 vs 5 Defense 
   Defense                  Defense                                           Time % Phy DF OF 
 1 Alex Pietrangelo         Ron Hainsey                                       40     1   2  2  
 2 Zachary Werenski         Michael Del Zotto                                 30     1   3  1  
 3 Brandon Montour          Ben Hutton                                        20     0   3  2  
 4 Brandon Montour          Ben Hutton                                        10     0   2  3  

PowerPlay Forward 
   Center                   Left Wing                Right Wing               Time % Phy DF OF 
 1 Steven Stamkos           Taylor Hall              Mikael Granlund          51     1   0  4  
 2 Brock Nelson             J.T. Compher             Kyle Palmieri            49     1   0  4  

PowerPlay Defense
   Defense                  Defense                                           Time % Phy DF OF 
 1 Alex Pietrangelo         Ben Hutton                                        55     0   1  4  
 2 Zachary Werenski         Michael Del Zotto                                 45     0   1  4  

Penalty Kill 4 Players Forward 
   Center                   Wing                     Time % Phy DF OF 
 1 Derek Stepan             Jack Roslovic            55     1   3  1  
 2 Pierre-Edouard Bellemare Mikael Granlund          45     0   3  2  

Penalty Kill 4 Players Defense
   Defense                  Defense                  Time % Phy DF OF 
 1 Ron Hainsey              Zachary Werenski         55     1   3  1  
 2 Ben Hutton               Michael Del Zotto        45     1   3  1  

Penalty Kill - 3 Players Forward 
   Forward                                           Time % Phy DF OF 
 1 Derek Stepan                                      55     1   2  2  
 2 Pierre-Edouard Bellemare                          45     1   2  2  

Penalty Kill - 3 Players Defense
   Defense                  Defense                  Time % Phy DF OF 
 1 Ron Hainsey              Alex Pietrangelo         55     1   2  2  
 2 Brandon Montour          Michael Del Zotto        45     1   2  2  

4 vs 4 Forward 
   Center                   Wing                     Time % Phy DF OF 
 1 Alexander Wennberg       Jack Roslovic            55     1   2  2  
 2 Mikael Granlund          Loui Eriksson            45     1   2  2  

4 vs 4 Defense
   Defense                  Defense                  Time % Phy DF OF 
 1 Brandon Montour          Zachary Werenski         55     1   2  2  
 2 Ron Hainsey              Michael Del Zotto        45     1   2  2  

Last Minutes Offensive
   Center                   Left Wing                Right Wing               Defense                  Defense                  
   Steven Stamkos           Taylor Hall              Kyle Palmieri            Alex Pietrangelo         Zachary Werenski         

Last Minutes Defensive
   Center                   Left Wing                Right Wing               Defense                  Defense                  
   Derek Stepan             J.T. Compher             Kyle Palmieri            Ron Hainsey              Michael Del Zotto        

Goaltenders
Starting : Brian Elliott            
Backup : Jonathan Quick           

Extra Forwards
Normal : Alexander Wennberg, Jack Roslovic, Brad Richardson - PP : Alexander Wennberg, Loui Eriksson - PK : Alexander Wennberg
Extra Defensemen
Normal : Brandon Montour, Ben Hutton, Ron Hainsey - PP : Brandon Montour - PK : Ben Hutton, Ron Hainsey
Penalty Shots
Steven Stamkos, Taylor Hall, Brock Nelson, Kyle Palmieri, Mikael Granlund
Custom OT Lines Forwards
Steven Stamkos, Taylor Hall, Brock Nelson, Kyle Palmieri, Mikael Granlund, J.T. Compher, Pierre-Edouard Bellemare, Alexander Wennberg, Jack Roslovic, Loui Eriksson
Custom OT Lines Defensemen
Alex Pietrangelo, Zachary Werenski, Ron Hainsey, Michael Del Zotto, Brandon Montour

Scratches
None


% Time on Ice - TEXAS TOROS

Lines # - Real PCT - Wanted PCT - Time Play
Normal Forward
1 - 29% - 36% - 14:10
2 - 30% - 31% - 14:39
3 - 12% - 23% - 5:51
4 - 29% - 10% - 14:12
Normal Defense
1 - 36% - 36% - 17:27
2 - 31% - 31% - 15:23
3 - 29% - 23% - 14:24
4 - 3% - 10% - 1:38
PP Forward
1 - 39% - 55% - 2:48
2 - 61% - 45% - 4:22
PP Defense
1 - 47% - 55% - 3:22
2 - 53% - 45% - 3:48
PK Forward
1 - 60% - 55% - 2:23
2 - 40% - 45% - 1:35
PK Defense
1 - 50% - 55% - 1:58
2 - 50% - 45% - 2:00
PK3 Forward
1 - 0% - 55%
2 - 0% - 45%
PK3 Defense
1 - 0% - 55%
2 - 0% - 45%
44 Forward
1 - 0% - 55%
2 - 0% - 45%
44 Defense
1 - 0% - 55%
2 - 0% - 45%
Last Minute Offensive  - 0:00
Last Minute Defensive  - 0:00
Total
Forward - 60:00
Defense - 60:00

% Time on Ice - LONG BEACH BARACUDAS

Lines # - Real PCT - Wanted PCT - Time Play
Normal Forward
1 - 35% - 36% - 17:10
2 - 35% - 34% - 16:53
3 - 20% - 20% - 9:44
4 - 10% - 10% - 5:05
Normal Defense
1 - 37% - 40% - 18:12
2 - 32% - 30% - 15:33
3 - 22% - 20% - 10:47
4 - 9% - 10% - 4:20
PP Forward
1 - 59% - 51% - 2:20
2 - 41% - 49% - 1:38
PP Defense
1 - 59% - 55% - 2:20
2 - 41% - 45% - 1:38
PK Forward
1 - 58% - 55% - 4:11
2 - 42% - 45% - 2:59
PK Defense
1 - 46% - 55% - 3:18
2 - 54% - 45% - 3:52
PK3 Forward
1 - 0% - 55%
2 - 0% - 45%
PK3 Defense
1 - 0% - 55%
2 - 0% - 45%
44 Forward
1 - 0% - 55%
2 - 0% - 45%
44 Defense
1 - 0% - 55%
2 - 0% - 45%
Last Minute Offensive  - 0:00
Last Minute Defensive  - 0:00
Total
Forward - 60:00
Defense - 60:00

Play-by-Play

1st period


0:01 of 1st period - Derek Stepan wins face-off versus Nazem Kadri in neutral zone.
0:29 of 1st period - Minor Penalty to Derek Stepan for Hooking.
0:30 of 1st period - Alexander Wennberg wins face-off versus Valtteri Filppula in LONG BEACH BARACUDAS zone.
0:51 of 1st period - Icing by Dmitry Kulikov.
0:52 of 1st period - Alexander Wennberg wins face-off versus Valtteri Filppula in TEXAS TOROS zone.
2:42 of 1st period - Shot by J.T. Compher.
2:42 of 1st period - Shot Misses the Net.
2:59 of 1st period - Icing by Kyle Palmieri.
3:00 of 1st period - Brock Nelson wins face-off versus Valtteri Filppula in LONG BEACH BARACUDAS zone.
3:14 of 1st period - Icing by David Savard.
3:15 of 1st period - Derek Stepan wins face-off versus Valtteri Filppula in TEXAS TOROS zone.
3:29 of 1st period - Minor Penalty to Taylor Hall for High sticking.
3:30 of 1st period - Derek Stepan wins face-off versus Valtteri Filppula in LONG BEACH BARACUDAS zone.
3:42 of 1st period - Icing by Nick Cousins.
3:43 of 1st period - Derek Stepan wins face-off versus Nick Cousins in TEXAS TOROS zone.
3:50 of 1st period - Shot by Derek Stepan.
3:50 of 1st period - Stopped by Cory Schneider without a rebound.
3:51 of 1st period - Pierre-Edouard Bellemare wins face-off versus Nazem Kadri in TEXAS TOROS zone.
4:01 of 1st period - Shot by Pierre-Edouard Bellemare.
4:01 of 1st period - Shot Misses the Net.
4:03 of 1st period - Shot by Ron Hainsey.
4:03 of 1st period - Shot Misses the Net.
4:05 of 1st period - Shot by Mikael Granlund.
4:05 of 1st period - Stopped by Cory Schneider without a rebound.
4:06 of 1st period - Derek Stepan wins face-off versus Valtteri Filppula in TEXAS TOROS zone.
4:34 of 1st period - Shot by Tyson Barrie.
4:34 of 1st period - Shot Misses the Net.
4:36 of 1st period - Shot by David Savard.
4:36 of 1st period - Shot Misses the Net.
4:38 of 1st period - Shot by Nick Cousins.
4:38 of 1st period - Stopped by Brian Elliott with a rebound.
4:40 of 1st period - Shot by David Savard.
4:40 of 1st period - Shot Misses the Net.
4:42 of 1st period - Shot by Tyson Barrie.
4:42 of 1st period - Goal by Tyson Barrie - TEXAS TOROS : 1 - LONG BEACH BARACUDAS : 0.
4:43 of 1st period - Nazem Kadri wins face-off versus Alexander Wennberg in neutral zone.
4:58 of 1st period - Loui Eriksson is hit by Dante Fabbro.
5:05 of 1st period - Icing by Dante Fabbro.
5:06 of 1st period - Nazem Kadri wins face-off versus Brock Nelson in TEXAS TOROS zone.
5:24 of 1st period - Icing by Zachary Werenski.
5:25 of 1st period - Brock Nelson wins face-off versus Barrett Hayton in LONG BEACH BARACUDAS zone.
6:19 of 1st period - Off-side.
6:20 of 1st period - Derek Stepan wins face-off versus Jake Virtanen in neutral zone.
7:27 of 1st period - Shot by Loui Eriksson.
7:27 of 1st period - Stopped by Cory Schneider without a rebound.
7:28 of 1st period - Alexander Wennberg wins face-off versus Barrett Hayton in TEXAS TOROS zone.
7:28 of 1st period - Alexander Wennberg is hit by Aaron Ekblad.
7:42 of 1st period - Shot by Alexander Wennberg.
7:42 of 1st period - Shot Blocked by Barrett Hayton.
7:50 of 1st period - Ben Hutton is hit by Barrett Hayton and loses puck.
8:39 of 1st period - Icing by Zachary Werenski.
8:40 of 1st period - Brock Nelson wins face-off versus Brock McGinn in LONG BEACH BARACUDAS zone.
9:16 of 1st period - Shot by Kyle Palmieri.
9:16 of 1st period - Shot Misses the Net.
9:26 of 1st period - Shot by J.T. Compher.
9:26 of 1st period - Stopped by Cory Schneider without a rebound.
9:27 of 1st period - Derek Stepan wins face-off versus John Quenneville in TEXAS TOROS zone.
9:41 of 1st period - Taylor Hall is hit by David Savard and loses puck.
9:48 of 1st period - Shot by Taylor Hall.
9:48 of 1st period - Stopped by Cory Schneider without a rebound.
9:49 of 1st period - Pierre-Edouard Bellemare wins face-off versus Barrett Hayton in TEXAS TOROS zone.
9:57 of 1st period - Shot by Brandon Montour.
9:57 of 1st period - Stopped by Cory Schneider without a rebound.
9:58 of 1st period - Steven Stamkos wins face-off versus Barrett Hayton in TEXAS TOROS zone.
10:17 of 1st period - Shot by Steven Stamkos.
10:17 of 1st period - Stopped by Cory Schneider without a rebound.
10:18 of 1st period - Nazem Kadri wins face-off versus Pierre-Edouard Bellemare in TEXAS TOROS zone.
10:18 of 1st period - Nazem Kadri is hit by Pierre-Edouard Bellemare.
10:24 of 1st period - Shot by Aaron Ekblad.
10:24 of 1st period - Stopped by Brian Elliott without a rebound.
10:25 of 1st period - Derek Stepan wins face-off versus Nazem Kadri in LONG BEACH BARACUDAS zone.
10:43 of 1st period - Derek Stepan is hit by David Savard and loses puck.
10:46 of 1st period - Shot by Alex Pietrangelo.
10:46 of 1st period - Shot Misses the Net.
11:52 of 1st period - Shot by Kyle Palmieri.
11:52 of 1st period - Shot Misses the Net.
12:04 of 1st period - Shot by J.T. Compher.
12:04 of 1st period - Shot Blocked by Dmitry Kulikov.
12:06 of 1st period - Shot by Kyle Palmieri.
12:06 of 1st period - Shot Blocked by Aaron Ekblad.
12:08 of 1st period - Shot by Kyle Palmieri.
12:08 of 1st period - Shot Misses the Net.
12:40 of 1st period - Jack Roslovic is hit by Vince Dunn and loses puck.
13:19 of 1st period - Shot by Steven Stamkos.
13:19 of 1st period - Shot Misses the Net.
13:32 of 1st period - Steven Stamkos is hit by Vince Dunn and loses puck.
14:11 of 1st period - Shot by Kyle Palmieri.
14:11 of 1st period - Stopped by Cory Schneider with a rebound.
14:52 of 1st period - Loui Eriksson is hit by Dante Fabbro and loses puck.
15:23 of 1st period - Shot by Steven Stamkos.
15:23 of 1st period - Shot Blocked by Dante Fabbro.
15:25 of 1st period - Shot by Derek Stepan.
15:25 of 1st period - Stopped by Cory Schneider without a rebound.
15:26 of 1st period - Nazem Kadri wins face-off versus Derek Stepan in TEXAS TOROS zone.
15:26 of 1st period - Nazem Kadri is hit by Taylor Hall.
15:50 of 1st period - Shot by Derek Stepan.
15:50 of 1st period - Stopped by Cory Schneider without a rebound.
15:51 of 1st period - Barrett Hayton wins face-off versus Brock Nelson in TEXAS TOROS zone.
15:51 of 1st period - Barrett Hayton is hit by Kyle Palmieri.
17:00 of 1st period - Taylor Hall is hit by Dmitry Kulikov and loses puck.
18:02 of 1st period - Ben Hutton is hit by Brock McGinn and loses puck.
18:25 of 1st period - Shot by Alexander Wennberg.
18:25 of 1st period - Shot Misses the Net.
18:41 of 1st period - Brandon Montour is hit by Jake Virtanen and loses puck.
18:45 of 1st period - Loui Eriksson is hit by Nazem Kadri and loses puck.
19:16 of 1st period - Shot by J.T. Compher.
19:16 of 1st period - Stopped by Cory Schneider with a rebound.
19:30 of 1st period - Shot by Brock Nelson.
19:30 of 1st period - Shot Misses the Net.
19:40 of 1st period - Shot by Brock Nelson.
19:40 of 1st period - Stopped by Cory Schneider without a rebound.
19:41 of 1st period - Valtteri Filppula wins face-off versus Derek Stepan in TEXAS TOROS zone.
19:49 of 1st period - Off-side.
19:50 of 1st period - Derek Stepan wins face-off versus Valtteri Filppula in neutral zone.
19:55 of 1st period - Shot by Steven Stamkos.
19:55 of 1st period - Shot Blocked by David Savard.
Goals for this period are 1 for TEXAS TOROS vs 0 for LONG BEACH BARACUDAS.
Shots for this period are 3 for TEXAS TOROS vs 12 for LONG BEACH BARACUDAS.

2nd period


0:01 of 2nd period - Derek Stepan wins face-off versus Nazem Kadri in neutral zone.
0:11 of 2nd period - Nazem Kadri is hit by Ron Hainsey and loses puck.
1:06 of 2nd period - Shot by Pierre-Edouard Bellemare.
1:06 of 2nd period - Shot Misses the Net.
1:08 of 2nd period - Shot by Jack Roslovic.
1:08 of 2nd period - Shot Misses the Net.
1:12 of 2nd period - Shot by Pierre-Edouard Bellemare.
1:12 of 2nd period - Goal by Pierre-Edouard Bellemare - TEXAS TOROS : 1 - LONG BEACH BARACUDAS : 1.
1:13 of 2nd period - Brock Nelson wins face-off versus John Quenneville in neutral zone.
1:20 of 2nd period - Shot by Kyle Palmieri.
1:20 of 2nd period - Shot Misses the Net.
1:32 of 2nd period - Shot by Brock Nelson.
1:32 of 2nd period - Stopped by Cory Schneider without a rebound.
1:33 of 2nd period - Barrett Hayton wins face-off versus Pierre-Edouard Bellemare in TEXAS TOROS zone.
1:39 of 2nd period - Icing by Tyson Barrie.
1:40 of 2nd period - Barrett Hayton wins face-off versus Brock Nelson in TEXAS TOROS zone.
1:52 of 2nd period - Kyle Palmieri is hit by David Savard and loses puck.
2:50 of 2nd period - Icing by Aaron Ekblad.
2:51 of 2nd period - Alexander Wennberg wins face-off versus Valtteri Filppula in TEXAS TOROS zone.
3:02 of 2nd period - Shot by Loui Eriksson.
3:02 of 2nd period - Stopped by Cory Schneider without a rebound.
3:03 of 2nd period - Derek Stepan wins face-off versus John Quenneville in TEXAS TOROS zone.
3:10 of 2nd period - Shot by Taylor Hall.
3:10 of 2nd period - Shot Blocked by Dante Fabbro.
3:24 of 2nd period - Shot by Steven Stamkos.
3:24 of 2nd period - Stopped by Cory Schneider without a rebound.
3:25 of 2nd period - Barrett Hayton wins face-off versus Jack Roslovic in TEXAS TOROS zone.
3:25 of 2nd period - Barrett Hayton is hit by Loui Eriksson.
3:32 of 2nd period - Tyson Barrie is hit by Michael Del Zotto and loses puck.
3:51 of 2nd period - Minor Penalty to Michael Del Zotto for Hooking.
3:52 of 2nd period - Nazem Kadri wins face-off versus Derek Stepan in LONG BEACH BARACUDAS zone.
4:06 of 2nd period - Shot by Brock McGinn.
4:06 of 2nd period - Stopped by Brian Elliott without a rebound.
4:07 of 2nd period - Derek Stepan wins face-off versus Valtteri Filppula in LONG BEACH BARACUDAS zone.
4:18 of 2nd period - Ben Hutton is hit by Valtteri Filppula and loses puck.
4:31 of 2nd period - Jack Roslovic is hit by Valtteri Filppula and loses puck.
5:08 of 2nd period - Shot by Jake Virtanen.
5:08 of 2nd period - Shot Blocked by Zachary Werenski.
6:49 of 2nd period - Off-side.
6:50 of 2nd period - Barrett Hayton wins face-off versus Derek Stepan in neutral zone.
7:04 of 2nd period - Steven Stamkos is hit by Dmitry Kulikov and loses puck.
7:09 of 2nd period - Shot by Steven Stamkos.
7:09 of 2nd period - Shot Blocked by Dmitry Kulikov.
7:53 of 2nd period - Shot by Nazem Kadri.
7:53 of 2nd period - Deflect By Jake Virtanen.
7:53 of 2nd period - Shot Misses the Net.
8:01 of 2nd period - Dante Fabbro is hit by Loui Eriksson and loses puck.
8:08 of 2nd period - Shot by Loui Eriksson.
8:08 of 2nd period - Stopped by Cory Schneider without a rebound.
8:09 of 2nd period - Brock Nelson wins face-off versus John Quenneville in TEXAS TOROS zone.
9:37 of 2nd period - Shot by Alexander Wennberg.
9:37 of 2nd period - Shot Blocked by Dmitry Kulikov.
10:00 of 2nd period - Icing by Jake Virtanen.
10:01 of 2nd period - Derek Stepan wins face-off versus Brock McGinn in TEXAS TOROS zone.
10:02 of 2nd period - Shot by Steven Stamkos.
10:02 of 2nd period - Stopped by Cory Schneider without a rebound.
10:03 of 2nd period - Nazem Kadri wins face-off versus Derek Stepan in TEXAS TOROS zone.
10:05 of 2nd period - Icing by Jake Virtanen.
10:06 of 2nd period - Derek Stepan wins face-off versus Nazem Kadri in TEXAS TOROS zone.
10:25 of 2nd period - Shot by Alex Pietrangelo.
10:25 of 2nd period - Shot Misses the Net.
10:27 of 2nd period - Shot by Alex Pietrangelo.
10:27 of 2nd period - Stopped by Cory Schneider with a rebound.
10:29 of 2nd period - Shot by Ron Hainsey.
10:29 of 2nd period - Shot Misses the Net.
10:31 of 2nd period - Shot by Ron Hainsey.
10:31 of 2nd period - Shot Misses the Net.
10:33 of 2nd period - Shot by Derek Stepan.
10:33 of 2nd period - Goal by Derek Stepan - TEXAS TOROS : 1 - LONG BEACH BARACUDAS : 2.
10:34 of 2nd period - Brock Nelson wins face-off versus Barrett Hayton in neutral zone.
10:45 of 2nd period - Shot by Kyle Palmieri.
10:45 of 2nd period - Stopped by Cory Schneider without a rebound.
10:46 of 2nd period - Valtteri Filppula wins face-off versus Derek Stepan in TEXAS TOROS zone.
11:11 of 2nd period - Shot by Brock McGinn.
11:11 of 2nd period - Stopped by Brian Elliott with a rebound.
11:14 of 2nd period - Icing by Ron Hainsey.
11:15 of 2nd period - Derek Stepan wins face-off versus Barrett Hayton in LONG BEACH BARACUDAS zone.
11:25 of 2nd period - Off-side.
11:26 of 2nd period - Brock Nelson wins face-off versus John Quenneville in neutral zone.
11:39 of 2nd period - Shot by J.T. Compher.
11:39 of 2nd period - Shot Misses the Net.
11:41 of 2nd period - Shot by Brock Nelson.
11:41 of 2nd period - Shot Blocked by David Savard.
11:43 of 2nd period - Shot by Kyle Palmieri.
11:43 of 2nd period - Shot Blocked by Tyson Barrie.
11:45 of 2nd period - Shot by Brock Nelson.
11:45 of 2nd period - Shot Misses the Net.
11:53 of 2nd period - Shot by Kyle Palmieri.
11:53 of 2nd period - Stopped by Cory Schneider without a rebound.
11:54 of 2nd period - Nazem Kadri wins face-off versus Derek Stepan in TEXAS TOROS zone.
12:04 of 2nd period - Icing by Derek Stepan.
12:05 of 2nd period - Derek Stepan wins face-off versus Nick Cousins in LONG BEACH BARACUDAS zone.
13:15 of 2nd period - Shot by Tyson Barrie.
13:15 of 2nd period - Stopped by Brian Elliott without a rebound.
13:16 of 2nd period - Brock Nelson wins face-off versus Nazem Kadri in LONG BEACH BARACUDAS zone.
13:16 of 2nd period - Brock Nelson is hit by Jake Virtanen.
13:21 of 2nd period - Kyle Palmieri is hit by Jake Virtanen and loses puck.
13:38 of 2nd period - Shot by Brock Nelson.
13:38 of 2nd period - Deflect By J.T. Compher.
13:38 of 2nd period - Shot Misses the Net.
13:44 of 2nd period - Shot by Kyle Palmieri.
13:44 of 2nd period - Shot Misses the Net.
13:47 of 2nd period - J.T. Compher is hit by Tyson Barrie and loses puck.
13:52 of 2nd period - Shot by Brock Nelson.
13:52 of 2nd period - Shot Misses the Net.
13:54 of 2nd period - Shot by Brock Nelson.
13:54 of 2nd period - Stopped by Cory Schneider without a rebound.
13:55 of 2nd period - Alexander Wennberg wins face-off versus John Quenneville in TEXAS TOROS zone.
14:04 of 2nd period - Dmitry Kulikov is hit by Mikael Granlund and loses puck.
14:14 of 2nd period - Alexander Wennberg is hit by Dmitry Kulikov.
15:31 of 2nd period - Shot by Derek Stepan.
15:31 of 2nd period - Stopped by Cory Schneider without a rebound.
15:32 of 2nd period - Barrett Hayton wins face-off versus Brock Nelson in TEXAS TOROS zone.
15:32 of 2nd period - Barrett Hayton is hit by Michael Del Zotto.
15:53 of 2nd period - Nick Cousins is hit by Michael Del Zotto and loses puck.
15:56 of 2nd period - Shot by Conor Sheary.
15:56 of 2nd period - Deflect By Nick Cousins.
15:56 of 2nd period - Stopped by Brian Elliott with a rebound.
15:59 of 2nd period - Barrett Hayton is hit by Michael Del Zotto and loses puck.
16:05 of 2nd period - Icing by Zachary Werenski.
16:06 of 2nd period - Brock Nelson wins face-off versus John Quenneville in LONG BEACH BARACUDAS zone.
16:50 of 2nd period - Derek Stepan is hit by Dmitry Kulikov and loses puck.
17:25 of 2nd period - Shot by Tyson Barrie.
17:25 of 2nd period - Shot Misses the Net.
17:51 of 2nd period - Shot by Jack Roslovic.
17:51 of 2nd period - Stopped by Cory Schneider without a rebound.
17:52 of 2nd period - Barrett Hayton wins face-off versus Brock Nelson in TEXAS TOROS zone.
18:01 of 2nd period - Shot by Nick Cousins.
18:01 of 2nd period - Stopped by Brian Elliott without a rebound.
18:02 of 2nd period - Alexander Wennberg wins face-off versus Barrett Hayton in LONG BEACH BARACUDAS zone.
18:07 of 2nd period - Conor Sheary is hit by Mikael Granlund and loses puck.
18:17 of 2nd period - Conor Sheary is hit by Brandon Montour and loses puck.
Goals for this period are 0 for TEXAS TOROS vs 2 for LONG BEACH BARACUDAS.
Shots for this period are 5 for TEXAS TOROS vs 13 for LONG BEACH BARACUDAS.

3rd period


0:01 of 3rd period - Nazem Kadri wins face-off versus Taylor Hall in neutral zone.
0:35 of 3rd period - Derek Stepan is hit by Nazem Kadri and loses puck.
0:53 of 3rd period - Minor Penalty to J.T. Compher for Holding Stick.
0:54 of 3rd period - Valtteri Filppula wins face-off versus Pierre-Edouard Bellemare in LONG BEACH BARACUDAS zone.
1:00 of 3rd period - Shot by Nick Cousins.
1:00 of 3rd period - Shot Misses the Net.
1:02 of 3rd period - Shot by Dmitry Kulikov.
1:02 of 3rd period - Stopped by Brian Elliott without a rebound.
1:03 of 3rd period - Derek Stepan wins face-off versus Nick Cousins in LONG BEACH BARACUDAS zone.
1:39 of 3rd period - Icing by Nick Cousins.
1:40 of 3rd period - Pierre-Edouard Bellemare wins face-off versus Valtteri Filppula in TEXAS TOROS zone.
2:20 of 3rd period - Shot by Jake Virtanen.
2:20 of 3rd period - Stopped by Brian Elliott with a rebound.
2:22 of 3rd period - Shot by Jake Virtanen.
2:22 of 3rd period - Shot Misses the Net.
2:24 of 3rd period - Shot by David Savard.
2:24 of 3rd period - Shot Blocked by Derek Stepan.
3:14 of 3rd period - Shot by J.T. Compher.
3:14 of 3rd period - Deflect By Kyle Palmieri.
3:14 of 3rd period - Shot Misses the Net.
3:16 of 3rd period - Shot by Kyle Palmieri.
3:16 of 3rd period - Stopped by Cory Schneider without a rebound.
3:17 of 3rd period - Alexander Wennberg wins face-off versus Valtteri Filppula in TEXAS TOROS zone.
3:17 of 3rd period - Alexander Wennberg is hit by Dante Fabbro.
3:27 of 3rd period - Shot by Loui Eriksson.
3:27 of 3rd period - Deflect By Mikael Granlund.
3:27 of 3rd period - Shot Blocked by Dante Fabbro.
3:39 of 3rd period - Shot by Mikael Granlund.
3:39 of 3rd period - Shot Misses the Net.
4:06 of 3rd period - Kyle Palmieri is hit by Vince Dunn and loses puck.
4:19 of 3rd period - Shot by Brock Nelson.
4:19 of 3rd period - Stopped by Cory Schneider without a rebound.
4:20 of 3rd period - Derek Stepan wins face-off versus Barrett Hayton in TEXAS TOROS zone.
4:42 of 3rd period - Shot by Steven Stamkos.
4:42 of 3rd period - Goal by Steven Stamkos - TEXAS TOROS : 1 - LONG BEACH BARACUDAS : 3.
4:43 of 3rd period - Brock Nelson wins face-off versus John Quenneville in neutral zone.
4:50 of 3rd period - Shot by Kyle Palmieri.
4:50 of 3rd period - Stopped by Cory Schneider without a rebound.
4:51 of 3rd period - John Quenneville wins face-off versus Brock Nelson in TEXAS TOROS zone.
5:18 of 3rd period - Off-side.
5:19 of 3rd period - Derek Stepan wins face-off versus Barrett Hayton in neutral zone.
5:19 of 3rd period - Derek Stepan is hit by Barrett Hayton.
5:37 of 3rd period - Shot by Taylor Hall.
5:37 of 3rd period - Shot Blocked by Aaron Ekblad.
5:48 of 3rd period - Minor Penalty to Aaron Ekblad for Roughing.
5:49 of 3rd period - Nazem Kadri wins face-off versus Brock Nelson in TEXAS TOROS zone.
6:02 of 3rd period - Shot by Kyle Palmieri.
6:02 of 3rd period - Stopped by Cory Schneider without a rebound.
6:03 of 3rd period - Nazem Kadri wins face-off versus Steven Stamkos in TEXAS TOROS zone.
7:40 of 3rd period - Shot by Brock Nelson.
7:40 of 3rd period - Stopped by Cory Schneider with a rebound.
7:42 of 3rd period - Shot by Michael Del Zotto.
7:42 of 3rd period - Stopped by Cory Schneider without a rebound.
7:43 of 3rd period - Nazem Kadri wins face-off versus Brock Nelson in TEXAS TOROS zone.
7:52 of 3rd period - Shot by Zachary Werenski.
7:52 of 3rd period - Stopped by Cory Schneider without a rebound.
7:53 of 3rd period - Pierre-Edouard Bellemare wins face-off versus John Quenneville in TEXAS TOROS zone.
7:58 of 3rd period - Shot by Jack Roslovic.
7:58 of 3rd period - Stopped by Cory Schneider without a rebound.
7:59 of 3rd period - Brock Nelson wins face-off versus Barrett Hayton in TEXAS TOROS zone.
8:08 of 3rd period - Shot by Brock Nelson.
8:08 of 3rd period - Shot Misses the Net.
8:18 of 3rd period - Shot by Kyle Palmieri.
8:18 of 3rd period - Shot Misses the Net.
8:20 of 3rd period - Shot by Kyle Palmieri.
8:20 of 3rd period - Goal by Kyle Palmieri - TEXAS TOROS : 1 - LONG BEACH BARACUDAS : 4.
8:21 of 3rd period - Nazem Kadri wins face-off versus Derek Stepan in neutral zone.
8:31 of 3rd period - Icing by Aaron Ekblad.
8:32 of 3rd period - Brock Nelson wins face-off versus Nazem Kadri in TEXAS TOROS zone.
8:33 of 3rd period - Shot by Kyle Palmieri.
8:33 of 3rd period - Shot Hit the Post.
8:36 of 3rd period - Icing by Aaron Ekblad.
8:37 of 3rd period - Derek Stepan wins face-off versus Nazem Kadri in TEXAS TOROS zone.
9:02 of 3rd period - Shot by Nazem Kadri.
9:02 of 3rd period - Deflect By Jake Virtanen.
9:02 of 3rd period - Shot Misses the Net.
9:10 of 3rd period - Shot by Nazem Kadri.
9:10 of 3rd period - Stopped by Brian Elliott without a rebound.
9:11 of 3rd period - Brock Nelson wins face-off versus Barrett Hayton in LONG BEACH BARACUDAS zone.
9:32 of 3rd period - Shot by Brock Nelson.
9:32 of 3rd period - Stopped by Cory Schneider without a rebound.
9:33 of 3rd period - Pierre-Edouard Bellemare wins face-off versus John Quenneville in TEXAS TOROS zone.
9:33 of 3rd period - Loui Eriksson is hit by Dante Fabbro and loses puck.
9:46 of 3rd period - Shot by Pierre-Edouard Bellemare.
9:46 of 3rd period - Stopped by Cory Schneider with a rebound.
10:21 of 3rd period - Icing by Ben Hutton.
10:22 of 3rd period - Nazem Kadri wins face-off versus Pierre-Edouard Bellemare in LONG BEACH BARACUDAS zone.
10:37 of 3rd period - Shot by Nazem Kadri.
10:37 of 3rd period - Shot Blocked by Ben Hutton.
10:39 of 3rd period - Shot by Jake Virtanen.
10:39 of 3rd period - Shot Hit the Post.
10:41 of 3rd period - Shot by Brock McGinn.
10:41 of 3rd period - Stopped by Brian Elliott without a rebound.
10:42 of 3rd period - J.T. Compher wins face-off versus Barrett Hayton in LONG BEACH BARACUDAS zone.
11:03 of 3rd period - Shot by Kyle Palmieri.
11:03 of 3rd period - Stopped by Cory Schneider without a rebound.
11:04 of 3rd period - Derek Stepan wins face-off versus Nazem Kadri in TEXAS TOROS zone.
11:23 of 3rd period - Shot by Jake Virtanen.
11:23 of 3rd period - Shot Misses the Net.
11:49 of 3rd period - Shot by Steven Stamkos.
11:49 of 3rd period - Stopped by Cory Schneider with a rebound.
11:51 of 3rd period - Shot by Derek Stepan.
11:51 of 3rd period - Stopped by Cory Schneider without a rebound.
11:52 of 3rd period - Barrett Hayton wins face-off versus Brock Nelson in TEXAS TOROS zone.
12:13 of 3rd period - Shot by Brock Nelson.
12:13 of 3rd period - Stopped by Cory Schneider without a rebound.
12:14 of 3rd period - Alexander Wennberg wins face-off versus John Quenneville in TEXAS TOROS zone.
12:14 of 3rd period - Loui Eriksson is hit by Vince Dunn and loses puck.
12:41 of 3rd period - Minor Penalty to Vince Dunn for Interference.
12:42 of 3rd period - Brock Nelson wins face-off versus Nazem Kadri in TEXAS TOROS zone.
13:48 of 3rd period - Shot by Steven Stamkos.
13:48 of 3rd period - Stopped by Cory Schneider without a rebound.
13:49 of 3rd period - Steven Stamkos wins face-off versus Jake Virtanen in TEXAS TOROS zone.
14:55 of 3rd period - Shot by Pierre-Edouard Bellemare.
14:55 of 3rd period - Stopped by Cory Schneider without a rebound.
14:56 of 3rd period - Brock Nelson wins face-off versus Brock McGinn in TEXAS TOROS zone.
14:56 of 3rd period - Kyle Palmieri is hit by David Savard and loses puck.
15:09 of 3rd period - Shot by Valtteri Filppula.
15:09 of 3rd period - Stopped by Brian Elliott without a rebound.
15:10 of 3rd period - Pierre-Edouard Bellemare wins face-off versus John Quenneville in LONG BEACH BARACUDAS zone.
15:41 of 3rd period - Icing by Michael Del Zotto.
15:42 of 3rd period - Pierre-Edouard Bellemare wins face-off versus Nazem Kadri in LONG BEACH BARACUDAS zone.
16:33 of 3rd period - Icing by Tyson Barrie.
16:34 of 3rd period - Nazem Kadri wins face-off versus Brock Nelson in TEXAS TOROS zone.
16:39 of 3rd period - Kyle Palmieri is hit by Jake Virtanen and loses puck.
17:12 of 3rd period - Shot by Nick Cousins.
17:12 of 3rd period - Shot Misses the Net.
17:14 of 3rd period - Shot by Aaron Ekblad.
17:14 of 3rd period - Stopped by Brian Elliott without a rebound.
17:15 of 3rd period - John Quenneville wins face-off versus Derek Stepan in LONG BEACH BARACUDAS zone.
17:30 of 3rd period - Shot by Derek Stepan.
17:30 of 3rd period - Stopped by Cory Schneider with a rebound.
17:32 of 3rd period - Shot by Derek Stepan.
17:32 of 3rd period - Shot Blocked by Dante Fabbro.
17:34 of 3rd period - Shot by Derek Stepan.
17:34 of 3rd period - Shot Misses the Net.
17:42 of 3rd period - Shot by Taylor Hall.
17:42 of 3rd period - Deflect By Steven Stamkos.
17:42 of 3rd period - Stopped by Cory Schneider with a rebound.
18:51 of 3rd period - Shot by Aaron Ekblad.
18:51 of 3rd period - Stopped by Brian Elliott with a rebound.
18:53 of 3rd period - Shot by Dmitry Kulikov.
18:53 of 3rd period - Deflect By Conor Sheary.
18:53 of 3rd period - Stopped by Brian Elliott without a rebound.
18:54 of 3rd period - Brock Nelson wins face-off versus Nazem Kadri in LONG BEACH BARACUDAS zone.
19:37 of 3rd period - Shot by J.T. Compher.
19:37 of 3rd period - Shot Misses the Net.
Goals for this period are 0 for TEXAS TOROS vs 2 for LONG BEACH BARACUDAS.
Shots for this period are 8 for TEXAS TOROS vs 20 for LONG BEACH BARACUDAS.


DARCY
KUEMPER
JAKE
OETTINGER
NINO
NIEDERREITER

EAST COAST

HOCKEY LEAGUE

  • 1.CHI2QUE4
  • 2.LIM2CHA3
  • 3.LON3TRV5
  • 4.BAL5CHW6
  • 5.MANPIT
  • 6.NHWATL
  • 7.PETWOR
  • 8.RHI